 Dungeon Crawl Stone Soup version 0.31-a0-963-ga325b2283a (webtiles) character file.

Game seed: 11525967913471245789

14 Dirtsage the Ruffian (level 2, 0/27 HPs)
             Began as an Octopode Shapeshifter on Oct 26, 2023.
             Succumbed to a kobold's poison
             ... on level 1 of the Dungeon.
             The game lasted 00:01:08 (290 turns).

Dirtsage the Ruffian (Octopode Shapeshifter)         Turns: 290, Time: 00:01:08

Health: 0/27       AC: 21    Str: 13    XL:     2   Next: 41%
Magic:  2/2        EV:  2    Int: 12    God:
Gold:   32         SH:  0    Dex: 11    Spells: 1/1 levels left

rFire   . .          .
                       - Unarmed
rCold   . . .        (no shield)
rNeg    . . .        (helmet currently unavailable)
rPois   +            (no amulet)
rElec   .            (no ring)
rCorr   .            (no ring)
SInv    .            (no ring)
Will    .....        (no ring)
Stlth   +            (no ring)
HPRegen 0.24/turn    (no ring)
MPRegen 0.08/turn    (no ring)
                     (no ring)

%: no passive effects
@: lethally poisoned (0 -> -15), tree-form
A: stationary, stasis, torment immunity, boosted hp, almost no armour,
(amphibious), 8 rings, (camouflage 1), (gelatinous body 1), (nimble swimmer 1),
(tentacles)
a: no special abilities


You were on level 1 of the Dungeon.
You were a tree.
You visited 1 branch of the dungeon, and saw 1 of its levels.

You collected 32 gold pieces.

Inventory:

Talismans
 b - a beast talisman
 c - a flux talisman
Scrolls
 d - 3 scrolls of identify {unknown}


   Skills:
 + Level 1.3 Fighting
 - Level 2.0 Dodging
 * Level 3.3 Unarmed Combat
 * Level 3.2 Shapeshifting


You had one spell level left.
You didn't know any spells.
Your spell library was empty.

Dungeon Overview and Level Annotations

Branches:
Dungeon (1/15)

Altars:


Innate Abilities, Weirdness & Mutations

You are a tree.
Your roots penetrate the ground, keeping you stationary.
You cannot be teleported.
You are immune to unholy pain and torment.
Your maximum health is greatly increased.
You cannot wear most types of armour.
((You are amphibious.))
You can wear up to eight rings at the same time.
((Your skin changes colour to match your surroundings (Stealth+).))
((Your rubbery body absorbs attacks. (AC +1, EV +1)))
((You are camouflaged when in or above water. (Stealth+)))
((You have tentacles for arms and can constrict up to eight enemies at once.))


Message History

The ball python barely misses you.
You take 1 damage, and have 17/18 hp.
You tentacle-slap the ball python.
You kill the ball python!
You closely miss the giant cockroach. You grab the giant cockroach.
You constrict the giant cockroach, but do no damage.
The giant cockroach bites you.
You take 1 damage, and have 16/18 hp.
You bludgeon the giant cockroach!
You kill the giant cockroach!
The helpless ball python fails to defend itself.
You tentacle-slap the ball python. You grab the ball python.
You squeeze the ball python.
You kill the ball python!
No target in view!
No target in view!
A kobold comes into view.
It is wielding a +2 short sword of venom.
The kobold shouts!
A frilled lizard comes into view.
Health restored: 18 The kobold hits you with a +2 short sword of venom.
You are poisoned.
You take 4 damage, and have 14/18 hp.
MASSIVE DAMAGE!!
You barely miss the kobold.
The frilled lizard hisses angrily.
You grab the kobold. You constrict the kobold.
You feel very sick.
The kobold hits you with a +2 short sword of venom.
You are more poisoned.
You take 8 damage, and have 6/18 hp.
MASSIVE DAMAGE!!
You are too injured to fight recklessly!
You are too injured to fight recklessly!
You bludgeon the kobold!
You kill the kobold!
* * * LOW HITPOINT WARNING * * *
You feel very sick.
You take 3 damage, and have 3/18 hp.
Your transformation has ended.
You turn into a tree.
Your roots penetrate the ground.
You die...

######.# # #...##.####
#...##..... ######
#...##.....
#....#####...##.....
#...................
#...................
#####...................
.....l)♣....#####.......
............# #.......
..).........# #...####
......##....# #..†#
...(.. #....# #...#
...... #....# #...#
..... #....# #...# .....
#....# #####


You could see a frilled lizard.

Vanquished Creatures
  2 ball pythons (D:1)
  A bat (D:1)
  2 endoplasms (D:1)
  2 giant cockroaches (D:1)
  A quokka (D:1)
  3 kobolds (D:1)
  A rat (D:1)
12 creatures vanquished.

Notes
Turn   | Place    | Note
-------+----------+-------------------------------------------
     0 | D:1      | Dirtsage the Octopode Shapeshifter began the quest for the
                  | Orb.
     0 | D:1      | Reached XP level 1. HP: 13/13 MP: 1/1
     4 | D:1      | Noticed a dwarf
    11 | D:1      | Noticed a minotaur skeleton
    17 | D:1      | Noticed a demonspawn
   168 | D:1      | Reached XP level 2. HP: 12/18 MP: 2/2
   290 | D:1      | Succumbed to a kobold's poison

Illustrated notes

Levels and vault maps discovered:
D:1:      shiori_arrival_whats_in_store_for_you, layout_basic,
          minmay_three_crescents

Action                     || total
---------------------------++-------
  Melee: Unarmed           ||    24
         Tentacles         ||     4
         Constrict         ||     6
    Use: Potion            ||     1
   Stab: Sleeping          ||     5
 Armour: Skin              ||    10
  Dodge: Dodged            ||     7

Table legend: (Time is in decaauts)
 A = Elapsed time spent in this place.
 B = Non-inter-level travel time spent in this place.
 C = Inter-level travel time spent in this place.
 D = Time resting spent in this place.
 E = Time spent auto-exploring this place.
 F = Levels seen in this place.
 G = Mean time per level.
                   A        B        C        D        E       F      G
               +--------+--------+--------+--------+--------+-----+--------+
         Total |    288 |    288 |      0 |      0 |    214 |   1 |  288.0 |
       Dungeon |    288 |    288 |      0 |      0 |    214 |   1 |  288.0 |
               +--------+--------+--------+--------+--------+-----+--------+

Top non-repeatable levels by time:
     D:1: 288 daAuts
